 Dungeon Sprint DCSS version 0.28.0-43-g3370ac3207 (webtiles) character file.

Game seed: 1332289288366822016

23 smarlow the Covered (level 2, -7/27 HPs)
             Began as a Demigod Fighter on Mar 2, 2022.
             Mangled by an ogre
             ... wielding a +0 giant club
              (10 damage)
             ... in the Dungeon (Sprint I: "Red Sonja").
             The game lasted 00:00:13 (15 turns).

smarlow the Covered (Demigod Fighter)                 Turns: 15, Time: 00:00:13

Health: -7/27      AC:  6    Str: 17    XL:     2   Next: 54%
Magic:  4/4        EV: 17    Int: 10    God:
Gold:   0          SH:  0    Dex: 13    Spells: 1/1 levels left

rFire   + + .      SeeInvis .   (weapon currently unavailable)
rCold   + + .      Faith    .   (shield currently unavailable)
rNeg    + + +      Spirit   .   (armour currently unavailable)
rPois   ∞          Reflect  .   (helmet currently unavailable)
rElec   +          Harm     .   (cloak currently unavailable)
rCorr   +          Rampage  .   (gloves currently unavailable)
Will    .....      NoTele   +   (boots currently unavailable)
Stlth   +.........              (amulet currently unavailable)
HPRegen 0.09/turn               (ring currently unavailable)
MPRegen 0.09/turn               (ring currently unavailable)

@: mighty, wisp-form (expiring), flying
A: insubstantial, flying, no casting, tiny, high MP 1, forlorn, divine
attributes
a: no special abilities


You were in the Dungeon.
You were an insubstantial wisp.
You visited 1 branch

Inventory:

Hand Weapons
 a - a +0 war axe (melded)
Armour
 b - a +0 scale mail (melded)
 c - a +0 buckler (melded)
Wands
 d - a wand of polymorph (8)
Scrolls
 j - a scroll of blinking
Potions
 e - a potion of curing
 f - a potion of heal wounds
 g - a potion of haste
 h - 2 potions of magic
 i - a potion of berserk rage
 k - a potion of flight {unknown}


   Skills:
 + Level 3.8 Fighting
 + Level 2.2 Axes
 + Level 3.8 Armour
 + Level 3.8 Shields
 + Level 0.4 Unarmed Combat


You had one spell level left.
You didn't know any spells.
Your spell library was empty.

Dungeon Overview and Level Annotations

Branches:
Dungeon (1/1)


Innate Abilities, Weirdness & Mutations

You are an insubstantial wisp.
Your tiny insubstantial body is highly resistant to most damage types.
You are flying.
Your equipment is entirely melded.
You are incapable of wielding weapons or throwing items.
You cannot cast spells.
You have an increased reservoir of magic. (+10% MP)
You shall have no god before yourself.
Your divine heritage dramatically boosts your attributes as you level up.


Message History

There is an open door here.
You feel very mighty all of a sudden.
Ijyb zaps a wand.
You turn into an insubstantial wisp.
Your +0 war axe melds into your body.
Your +0 buckler melds into your body.
Your +0 scale mail melds into your body.
You touch Ijyb.
Ijyb is lightly wounded.
Ijyb hits you but does no damage.
You touch Ijyb.
Ijyb is moderately wounded.
Ijyb hits you but does no damage.
You touch Ijyb!
Ijyb is almost dead.
Ijyb misses you.
You touch Ijyb!
You kill Ijyb!
Your Fighting skill increases to level 3!
Your Axes skill increases to level 2!
Your Armour skill increases to level 3!
Your Shields skill increases to level 3!
You have reached level 2!
d - a wand of polymorph (8);
k - a glowing pink potion
Things that are here:
a +0 vampiric dagger; a +0 leather armour You reach down and open the door.
An ogre comes into view. It is wielding a +0 giant club.
You touch the ogre.
The ogre is lightly wounded.
Your transformation is almost over.
The ogre hits you with a +0 giant club!!
Ouch! That really hurt!
* * * LOW HITPOINT WARNING * * *
You touch the ogre!
The ogre is moderately wounded.
You touch the ogre!
The ogre is severely wounded.
The ogre closely misses you.
You touch the ogre.
The ogre is almost dead.
The ogre hits you with a +0 giant club!
You die...

##########
#<.#.vO..#
#..').#..+
#..#### +#
#..# #..#
#..# #⌠⌠#
####


You could see an ogre.

Vanquished Creatures
  Ijyb (D)
1 creature vanquished.

Notes
Turn   | Place    | Note
-------+----------+-------------------------------------------
     0 | D        | smarlow the Demigod Fighter began the quest for the Orb.
     0 | D        | Reached XP level 1. HP: 18/18 MP: 3/3
     2 | D        | Noticed Ijyb
     7 | D        | Killed Ijyb
     8 | D        | Reached XP level 2. HP: 27/27 MP: 4/4
    11 | D        | Noticed an ogre
    15 | D        | Mangled by an ogre

Illustrated notes

Levels and vault maps discovered:
D:        dungeon_sprint_1 [red_sonja_temple_1, red_sonja_temple_small_1]

Skill      XL: |  1 |
---------------+----+-----
Fighting       | 3 |  3.8
Axes           | 2 |  2.2
Armour         | 3 |  3.8
Shields        | 3 |  3.8
Unarmed Combat | |  0.4

Action                   || total
-------------------------++-------
Melee: Unarmed           ||     8
  Use: Potion            ||     1
Armor: Skin              ||     2
Dodge: Dodged            ||     2
